 Dungeon Sprint DCSS version 0.20.1-1-g8b1a95d66d (webtiles) character file.

196 Groucho the Slasher (level 5, -6/44 HPs)
             Began as a Barachi Skald on Jan 2, 2018.
             Was a Priest of Uskayaw.
             Mangled by a two-headed ogre
             ... wielding a +2 dire flail of draining
              (22 damage)
             ... in the Dungeon (Sprint IX: "|||||||||||||||||||||||||||||").
             The game lasted 00:02:12 (1053 turns).

Groucho the Slasher (Barachi Skald)                 Turns: 1053, Time: 00:02:12

Health: -6/44      AC: 13    Str: 13    XL:     5   Next: 74%
Magic:  6/11       EV:  7    Int: 13    God:    Uskayaw [***...]
Gold:   0          SH:  0    Dex: 12    Spells: 11/12 levels left

rFire    . . .     SeeInvis .   n - +2 scimitar (holy)
rCold    . . .     Gourm    .   (no shield)
rNeg     . . .     Faith    .   p - +1 chain mail
rPois    .         Spirit   .   o - +0 helmet
rElec    .         Reflect  .   a - +0 cloak
rCorr    .         Harm     .   (no gloves)
MR       .....     NoTele   +   (no boots)
Stlth    ..........             (no amulet)
Regen    0.2/turn               (no ring)
MPRegen  0.2/turn               (no ring)

@: infused, slowed, drained, very slow
A: +LOS, swims, slowness 1, strong legs 1
a: Hop, Stomp, Line Pass, Renounce Religion


You were in the Dungeon.
You worshipped Uskayaw.
Uskayaw was noncommittal.
You were not hungry.

You visited 1 branch

Inventory:

Hand Weapons
 n - a +2 scimitar of holy wrath (weapon)
Armour
 a - a +0 cloak (worn)
 o - a +0 helmet (worn)
 p - a +1 chain mail (worn)
Jewellery
 b - a +2 ring of evasion
 q - a +2 ring of protection
Wands
 m - a wand of lightning (7/15)
Scrolls
 j - 2 scrolls of blinking
 k - 3 scrolls of remove curse
 l - 2 scrolls of amnesia
Potions
 e - a potion of invisibility
 f - 2 potions of heal wounds
 g - 4 potions of curing
 h - 4 potions of magic
 i - a potion of berserk rage
Books
 c - a book of Battle

   Spells                             Type                      Level
   a - Infusion                       Charms                       1
   b - Shroud of Golubria             Charms/Translocation         2
   c - Song of Slaying                Charms                       2
   d - Spectral Weapon                Hexes/Charms                 3
   e - Regeneration                   Charms/Necromancy            3
Comestibles
 d - a bread ration


   Skills:
 + Level 5.0(4.1) Fighting
 * Level 6.8(5.9) Long Blades
 * Level 6.4(5.5) Armour
 + Level 4.7(3.9) Dodging
 - Level 3.3(2.5) Stealth
 + Level 4.2(3.4) Spellcasting
 + Level 5.2(4.3) Charms


You had 11 spell levels left.
You knew the following spells:

 Your Spells              Type           Power        Failure   Level  Hunger
a - Infusion              Chrm           ##..         65%         1    #......


Dungeon Overview and Level Annotations

Branches:
Dungeon (1/1)

Altars:
Cheibriados
Dithmenos
Elyvilon
Fedhas
Gozag
Hepliaklqana
Kikubaaqudgha
Makhleb
Nemelex Xobeh
Okawaru
Qazlal
Ru
Sif Muna
Trog
Uskayaw
Vehumet
Xom
Yredelemnul
Zin
The Shining One
Beogh
Jiyva
Lugonu


Innate Abilities, Weirdness & Mutations

Shadows flee at your approach. (+LOS)
You can swim through water.
You cover ground slowly.
You can hop short distances.


Message History

The two-headed ogre hits you with a giant spiked club!
* * * LOW HITPOINT WARNING * * *
Uskayaw will force your foes to helplessly watch your dance.
Uskayaw prepares the audience for your solo!
You feel much better.
The jackal skeleton is no longer paralysed.
The jackal is no longer paralysed.
The orc is no longer paralysed.
The jackal is no longer paralysed.
The two-headed ogre is no longer paralysed.
The two-headed ogre hits you with a dire flail of draining.
You feel drained.
The two-headed ogre hits you with a giant spiked club!
Unknown command.
Your chain mail prevents you from hitting the two-headed ogre.
The two-headed ogre is lightly wounded.
The two-headed ogre hits you with a dire flail of draining.
You feel drained.
The two-headed ogre hits you with a giant spiked club!!
Ouch! That really hurt!
You die... ▓▓▓▓▓▓▓▓▓▓▓▓▓▓▓▓▓▓▓▓▓▓▓▓▓ __.____'..|)..[.@OZhoh..+ ▓▓▓▓▓▓▓▓▓▓▓▓▓▓▓▓▓▓▓▓▓▓▓▓▓

You could see a two-headed ogre, an orc, 2 jackals and a jackal skeleton.

Vanquished Creatures
  A wraith (D)
  2 worker ants (D)
  A dart slug (D)
  A leopard gecko (D)
  2 bat skeletons (D)
  A giant cockroach (D)
  A hobgoblin (D)
  A jackal (D)
  A kobold (D)
11 creatures vanquished.

Notes
Turn   | Place    | Note
-------+----------+-------------------------------------------
     0 | D        | Groucho the Barachi Skald began the quest for the Orb.
     0 | D        | Reached XP level 1. HP: 17/17 MP: 3/3
    11 | D        | Reached skill level 1 in Stealth
    18 | D        | Reached XP level 2. HP: 12/23 MP: 5/5
   502 | D        | Reached XP level 3. HP: 16/29 MP: 7/7
   522 | D        | Reached XP level 4. HP: 13/35 MP: 8/8
   974 | D        | Found a roughly hewn altar of Beogh.
   974 | D        | Found a snail-covered altar of Cheibriados.
   974 | D        | Found a shadowy altar of Dithmenos.
   974 | D        | Found a white marble altar of Elyvilon.
   974 | D        | Found a blossoming altar of Fedhas.
   974 | D        | Found an opulent altar of Gozag.
   974 | D        | Found a hazy altar of Hepliaklqana.
   975 | D        | Found a viscous altar of Jiyva.
   976 | D        | Found an ancient bone altar of Kikubaaqudgha.
   977 | D        | Found a corrupted altar of Lugonu.
   978 | D        | Found a burning altar of Makhleb.
   979 | D        | Found a sparkling altar of Nemelex Xobeh.
   980 | D        | Found an iron altar of Okawaru.
   981 | D        | Found a stormy altar of Qazlal.
   982 | D        | Found a sacrificial altar of Ru.
   983 | D        | Found a deep blue altar of Sif Muna.
   984 | D        | Found a bloodstained altar of Trog.
   985 | D        | Found a hide-covered altar of Uskayaw.
   986 | D        | Found a radiant altar of Vehumet.
   988 | D        | Found a shimmering altar of Xom.
   989 | D        | Found a basalt altar of Yredelemnul.
   990 | D        | Found a glowing silver altar of Zin.
   991 | D        | Found a glowing golden altar of the Shining One.
   994 | D        | Became a worshipper of Uskayaw the Reveler
  1044 | D        | Noticed a wraith
  1044 | D        | Noticed a two-headed ogre
  1046 | D        | Reached * piety under Uskayaw
  1048 | D        | Reached ** piety under Uskayaw
  1049 | D        | Killed a wraith
  1049 | D        | Reached skill level 5 in Fighting
  1049 | D        | Reached skill level 5 in Charms
  1049 | D        | Reached XP level 5. HP: 29/44 MP: 8/11
  1051 | D        | Reached *** piety under Uskayaw
  1053 | D        | Mangled by a two-headed ogre

Skill      XL: |  1  2  3  4 |
---------------+-------------+-----
Long Blades    | 3 4 6 |  6.8
Armour         | 2 3 6 |  6.4
Stealth        | 1 2 3 |  3.3
Fighting       | 3 5 |  5.0
Dodging        | 3 4 |  4.7
Spellcasting   | 3 4 |  4.2
Charms         | 4 5 |  5.2

Action                   |  1- 3 |  4- 6 || total
-------------------------+-------+-------++-------
Melee: Falchion          |    52 |       ||    52
       Scimitar          |       |     7 ||     7
 Cast: Infusion          |       |     1 ||     1
 Abil: Hop               |     1 |       ||     1
  Use: Potion            |     2 |     1 ||     3
 Stab: Sleeping          |     2 |       ||     2
Armor: Leather armour    |     5 |       ||     5
       Chain mail        |       |     1 ||     1
Dodge: Dodged            |    31 |     4 ||    35
       Rpst.: Falchion   |    10 |       ||    10
       Scimitar          |       |     1 ||     1
